 Dungeon Crawl Stone Soup version 0.17.1-3-g152610e (webtiles) character file.

869 Metrazal the Covert (level 7, 0/33 HPs)
             Began as a Spriggan Assassin on Mar 6, 2016.
             Succumbed to Metrazal's ghost's poison
             ... on level 5 of the Dungeon.
             The game lasted 00:32:52 (5899 turns).

Metrazal the Covert (Spriggan Assassin)             Turns: 5899, Time: 00:32:52

Health: 0/33       AC:  3    Str:  7      XL:     7   Next: 73%
Magic:  8/8        EV: 24    Int: 11 (12) God:
Gold:   234        SH:  0    Dex: 20      Spells: 0 memorised, 6 levels left

rFire  . . .     SeeInvis +     a - +2 dagger
rCold  . . .     Clarity  .     x - +0 robe
rNeg   . . .     SustAt   .     (shield restricted)
rPois  .         Gourm    .     (helmet restricted)
rElec  .         Spirit   .     d - +0 cloak
rCorr  .         Warding  .     (gloves unavailable)
rMut   .         Stasis   .     (boots unavailable)
MR     +....                    (no amulet)
Stlth  +++++.....               (no ring)
                                (no ring)

@: lethally poisoned (0 -> -22), very quick, somewhat resistant to hostile
enchantments, quite stealthy
A: unfitting armour, see invisible, herbivore 3, speed 3, slow metabolism 2
a: no special abilities


You were on level 5 of the Dungeon.
You were not hungry.

You visited 1 branch of the dungeon, and saw 5 of its levels.

You collected 234 gold pieces.

Inventory:

Hand Weapons
 a - a +2 dagger (weapon)
 b - a +0 blowgun
 c - a +0 hunting sling
 n - a +0 shortbow
Missiles
 e - 19 poisoned needles
 f - 2 curare-tipped needles (quivered)
 h - 74 arrows
 j - 84 sling bullets
 k - 14 sling bullets of frost
 m - 64 stones
 v - 10 exploding sling bullets
Armour
 d - a +0 cloak (worn)
 x - a +0 robe (worn)
Scrolls
 i - 5 scrolls of remove curse {unknown}
 l - 2 scrolls of immolation {unknown}
 o - 2 scrolls of teleportation {unknown}
 p - a scroll of amnesia {unknown}
 q - 9 scrolls of identify {unknown}
 r - a scroll of fear {unknown}
 s - a scroll of noise {unknown}
 t - 3 scrolls of recharging {unknown}
Comestibles
 g - 3 bread rations
 w - a slice of pizza


   Skills:
 - Level 1.5 Fighting
 + Level 5.3 Short Blades
 + Level 2.6(3.1) Slings
 + Level 1.0 Bows
 - Level 2.0(2.4) Throwing
 + Level 6.9 Dodging
 + Level 9.8 Stealth


You had 6 spell levels left.
You didn't know any spells.

Dungeon Overview and Level Annotations

Branches:
Dungeon (5/15)
 Temple: D:4-7

Altars:
Dithmenos
Makhleb
Okawaru
Xom
Zin

Shops:
D:4 [

Annotations:
D:5 Metrazal's ghost, novice SpAs


Innate Abilities, Weirdness & Mutations

You are tiny and cannot use many weapons and most armour.
You have supernaturally acute eyesight.
You are a herbivore.
You cover ground extremely quickly.
You need consume almost no food.


Message History

Metrazal's ghost is heavily damaged.
* * * LOW HITPOINT WARNING * * *
You feel sick.
The giant cockroach completely misses you.
The sky beast flickers out of sight for a moment.
Metrazal's ghost closely misses you.
You barely miss Metrazal's ghost.
Metrazal's ghost is moderately damaged.
* * * LOW HITPOINT WARNING * * *
You feel sick.
The giant cockroach completely misses you.
You miss Metrazal's ghost.
Metrazal's ghost is moderately damaged.
* * * LOW HITPOINT WARNING * * *
You feel sick. The giant cockroach bites you.
* * * LOW HITPOINT WARNING * * *
Metrazal's ghost misses you.
You miss Metrazal's ghost.
Metrazal's ghost is moderately damaged.
You die...

#...... ..(..... #......
..........(... ......
.....##.....# ###....
##...%.#..(#.# #......
#..........>.#
#......###.>...##.$(..
#.......##.....##?..# #
#......@###.........# .
.##.....Ws####.......###)
#.#.......####...........
.##....Y.............###
##. #.#....§.!..#...<...###
#.. .##..!.###...........#
#.###.##.#(.##...........#
#...#.##..(<...............
.
#........÷..............##


You could see a sky beast, Metrazal's ghost and a giant cockroach.

Vanquished Creatures
  Sigmund (D:2)
  2 phantoms (D:4)
  A centaur (D:4)
  An ice beast (D:4)
  2 hounds
  An orc wizard (D:3)
  An orc priest (D:3)
  2 worker ants
  3 hound skeletons (D:5)
  8 adders
  4 worms
  2 giant geckos
  10 orcs
  A ball python (D:3)
  10 bats
  A giant cockroach (D:3)
  9 hobgoblins
  4 jackals (D:3)
  3 giant newts
  8 goblins
  7 kobolds
  7 rats
88 creatures vanquished.

Notes
Turn   | Place    | Note
--------------------------------------------------------------
     0 | D:1      | Metrazal the Spriggan Assassin began the quest for the Orb.
     0 | D:1      | Reached XP level 1. HP: 10/10 MP: 2/2
    82 | D:1      | Found a shimmering altar of Xom.
   123 | D:1      | Reached skill level 6 in Stealth
   333 | D:1      | Reached XP level 2. HP: 14/14 MP: 3/3
  1006 | D:2      | Noticed Sigmund
  1012 | D:2      | Killed Sigmund
  1012 | D:2      | Reached skill level 7 in Stealth
  1012 | D:2      | Reached XP level 3. HP: 18/18 MP: 4/4
  1012 | D:2      | Reached XP level 4. HP: 22/22 MP: 5/5
  1012 | D:2      | Reached XP level 5. HP: 25/25 MP: 6/6
  1504 | D:2      | Reached skill level 8 in Stealth
  1587 | D:2      | Found a glowing silver altar of Zin.
  1921 | D:3      | Reached skill level 5 in Dodging
  2104 | D:3      | Found a burning altar of Makhleb.
  2122 | D:3      | Reached XP level 6. HP: 7/30 MP: 7/7
  3691 | D:3      | Found a shadowy altar of Dithmenos.
  3695 | D:3      | Found an iron altar of Okawaru.
  4122 | D:4      | Found Buodez's Antique Armour Shop.
  4421 | D:4      | Reached skill level 9 in Stealth
  4421 | D:4      | Reached XP level 7. HP: 16/33 MP: 8/8
  4674 | D:4      | Reached skill level 1 in Slings
  4846 | D:5      | Entered Level 5 of the Dungeon
  5050 | D:4      | Reached skill level 5 in Short Blades
  5265 | D:5      | Noticed Metrazal's ghost (novice SpAs)
  5851 | D:5      | Reached skill level 1 in Bows
  5898 | D:5      | HP: 1/33 [giant cockroach (1)]
  5899 | D:5      | Succumbed to Metrazal's ghost's poison

Action                   |  1- 3 |  4- 6 |  7- 9 || total
-------------------------+-------+-------+-------++-------
Melee: Dagger            |    49 |   205 |   100 ||   354
 Fire: Blowgun           |       |    21 |    12 ||    33
       Hunting sling     |       |     9 |    26 ||    35
Throw: Stone             |       |    38 |       ||    38
  Use: Potion            |       |       |     2 ||     2
 Stab: Sleeping          |    12 |    16 |       ||    28
       Distracted        |     1 |     1 |     1 ||     3
  Eat: Bread ration      |       |     1 |       ||     1
